 Dungeon Crawl Stone Soup version 0.31-a0-325-g067879e3d3 (webtiles) character file.

Game seed: 7905712065183655212

1158 IdlyInterested the Trooper (level 8, -3/65 HPs)
             Began as a Demonspawn Gladiator on July 18, 2023.
             Slain by a gnoll
             ... wielding a +0 halberd
             ... led by a gnoll bouda
              (8 damage)
             ... on level 5 of the Dungeon.
             The game lasted 00:14:27 (5239 turns).

IdlyInterested the Trooper (Demonspawn Gladiator)   Turns: 5239, Time: 00:14:28

Health: -3/65      AC: 16    Str: 16    XL:     8   Next: 16%
Magic:  8/8        EV:  8    Int:  9    God:
Gold:   185        SH:  0    Dex: 16    Spells: 7/7 levels left

rFire   . . .        a - +0 flail
rCold   . . .        (no shield)
rNeg    . . .        A - +0 chain mail
rPois   .            c - +0 helmet
rElec   .            (cloak unavailable)
rCorr   .            g - +0 pair of gloves
SInv    .            y - +0 pair of boots
Will    +....        (no amulet) Stlth
                     i - +4 ring of protection
HPRegen 0.30/turn    w - ring of willpower
MPRegen 0.11/turn

%: no passive effects
@: attractive, hasted, very quick
A: ignite blood 1, weakness stinger 3
a: no special abilities


You were on level 5 of the Dungeon.
You visited 1 branch of the dungeon, and saw 5 of its levels.
You also visited: Sewer.

You collected 185 gold pieces.

Inventory:

Hand Weapons
 a - a +0 flail (weapon)
 b - a +2 dagger of flaming
Missiles
 d - 3 throwing nets
 f - 14 stones (quivered)
 x - 4 poisoned darts
Armour
 c - a +0 helmet (worn)
 g - a +0 pair of gloves (worn)
 y - a +0 pair of boots (worn)
 A - a +0 chain mail (worn)
Jewellery
 i - a +4 ring of protection (left hand)
 w - a ring of willpower (right hand)
 z - a +6 ring of intelligence
Wands
 l - a wand of mindburst (14)
Scrolls
 k - a scroll of brand weapon {unknown}
 n - a scroll of revelation
 o - 3 scrolls of teleportation
 u - 2 scrolls of poison
 v - a scroll of vulnerability {unknown}
Potions
 j - 3 potions of brilliance
 m - a potion of mutation {unknown}
 r - a potion of attraction
 s - a potion of resistance {unknown}
 t - a potion of might {unknown}


   Skills:
 * Level 6.5 Fighting
 + Level 4.9 Maces & Flails
 - Level 2.0 Throwing
 - Level 4.0 Armour
 - Level 3.0 Dodging
 - Level 1.0 Stealth
 * Level 2.0 Shields
 - Level 1.0 Evocations


You had 7 spell levels left.
You didn't know any spells.
Your spell library contained the following spells:

 Spells                   Type           Power      Damage    Failure   Level
 Kiss of Death            Conj/Necr      0%         2d5       99%         1
 Confusing Touch          Hex            0%         N/A       100%        3
 Stone Arrow              Conj/Erth      0%         3d7       100%        3
 Animate Armour           Summ/Erth      0%         N/A       100%        4
 Dispel Undead            Necr           0%         3d6       100%        4
 Lehudib's Crystal Spear  Conj/Erth      0%         10d2      100%        8


Dungeon Overview and Level Annotations

Branches:
Dungeon (5/15)              Sewer (visited)
 Temple: D:4-7

Altars:
Okawaru
Ru
Uskayaw


Innate Abilities, Weirdness & Mutations

Your demonic aura sometimes causes spilled blood to erupt in flames.
You have a sharp stinger which inflicts weakening toxins.


Message History

* * * LOW HITPOINT WARNING * * *
Unknown command.
You hit the gnoll.
You kill the gnoll!
Aiming: Mindburst
Press: ? - help, Shift-Dir - straight line, f - gnoll bouda
Aim: a gnoll bouda, wielding a +0 spear and wearing a +0 leather armour (chance to affect: 69%)
The gnoll bouda's mind is blasted!
The gnoll bouda gazes fiercely through you!
You feel your attacks grow feeble. The gnoll bouda barely misses you.
It was a potion of attraction.
You feel attractive to monsters.
The gnoll bouda is attracted toward you.
The gnoll is attracted toward you. x2; Something is attracted toward you.
You closely miss the gnoll bouda.
The gnoll bouda is almost dead.
The gnoll bouda hits you with a +0 spear.
* * * LOW HITPOINT WARNING * * *
You hit the gnoll bouda.
You kill the gnoll bouda!
The gnoll is attracted toward you.
Your Shields skill increases to level 2!
Unknown command.
You hit the gnoll.
The gnoll is severely wounded.
Your attacks no longer feel as feeble.
The gnoll hits you but does no damage.
You closely miss the gnoll.
The gnoll is severely wounded.
The gnoll is no longer moving quickly.
The gnoll hits you but does no damage.
You hit the gnoll.
The gnoll is almost dead.
You sock the gnoll!
You kill the gnoll!
You sock the gnoll! You punch the gnoll, but do no damage.
The gnoll is almost dead.
The gnoll closely misses you.
The gnoll hits you from afar with a +0 halberd!
You die... .....#.# (...........#.# ....#.##g########.###.# ...#.... #.....# #.# ....!g### #.##### #.# .....+.# #.# #.####### Ssg

#.# #.# #......). #'# #<#
#.#######.#######
#.#######......##......##
#..(.(gg@.....####.....##
##################.....##
..........# ####......#
######'# ###.....
#.+..... #.#.....
####+#.+.....


You could see 2 gnolls.

Vanquished Creatures
  Sigmund (D:4)
  A steam dragon (D:5)
  A water moccasin (D:5)
  2 ogres
  A scorpion (D:5)
  2 hounds (D:4)
  4 jellies (Sewer)
  A gnoll bouda (D:5)
  An iguana (D:4)
  An orc wizard (D:3)
  5 gnolls
  A river rat (D:4)
  11 adders
  5 worms
  A dart slug (D:1)
  8 orcs
  6 bats
  16 endoplasms
  7 giant cockroaches
  5 goblins
  5 hobgoblins
  2 jackals (D:3)
  5 quokkas
  12 ball pythons
  8 frilled lizards
  3 kobolds
  8 rats
123 creatures vanquished.

Notes
Turn   | Place    | Note
-------+----------+-------------------------------------------
     0 | D:1      | IdlyInterested the Demonspawn Gladiator began the quest for
                  | the Orb.
     0 | D:1      | Reached XP level 1. HP: 16/16 MP: 1/1
     8 | D:1      | Noticed an ogre
   160 | D:1      | Gained mutation: Your demonic aura sometimes causes spilled
                  | blood to erupt in flames. [demonic ancestry]
   160 | D:1      | Reached XP level 2. HP: 22/22 MP: 2/2
  1016 | D:2      | Reached XP level 3. HP: 22/28 MP: 3/3
  1294 | D:2      | Reached skill level 3 in Fighting
  1294 | D:2      | Reached skill level 1 in Stealth
  1390 | D:2      | Gained mutation: You have a small tail. [demonic ancestry]
  1390 | D:2      | Reached XP level 4. HP: 14/35 MP: 4/4
  1767 | D:2      | Reached skill level 1 in Evocations
  2101 | D:3      | You fall into a shaft and drop 1 floor!
  2300 | D:4      | Reached skill level 1 in Armour
  2300 | D:4      | Reached XP level 5. HP: 22/42 MP: 5/5
  2318 | D:4      | Found a glowing drain.
  2322 | Sewer    | Entered a sewer
  2455 | Sewer    | Reached skill level 4 in Fighting
  2468 | Sewer    | Reached skill level 1 in Shields
  2569 | Sewer    | Found a viscous altar of Jiyva.
  2582 | Sewer    | Gained mutation: You have a tail ending in a sharp stinger.
                  | [demonic ancestry]
  2582 | Sewer    | Reached XP level 6. HP: 40/49 MP: 6/6
  2958 | D:3      | Found a hide-covered altar of Uskayaw.
  3229 | D:3      | Found a sacrificial altar of Ru.
  3334 | D:3      | Found an iron altar of Okawaru.
  3815 | D:4      | Reached skill level 5 in Fighting
  3894 | D:4      | Reached XP level 7. HP: 55/56 MP: 7/7
  4173 | D:4      | Noticed Sigmund
  4188 | D:4      | Killed Sigmund
  4706 | D:5      | Entered Level 5 of the Dungeon
  5191 | D:5      | Noticed a steam dragon
  5202 | D:5      | Killed a steam dragon
  5203 | D:5      | Reached skill level 6 in Fighting
  5217 | D:5      | Gained mutation: You have a sharp stinger which inflicts
                  | weakening toxins. [demonic ancestry]
  5217 | D:5      | Reached XP level 8. HP: 27/64 MP: 8/8
  5239 | D:5      | Slain by a gnoll

Illustrated notes

Levels and vault maps discovered:
D:1:      evilmike_arrival_come_back, layout_loops_cross, serial_aquarium,
          aquarium_bridge_straight [aquarium_subvault_bridge,
          aquarium_subvault_wall, aquarium_subvault_bridge,
          aquarium_subvault_wall], aquarium_bridge_long_separate
          [aquarium_subvault_window, aquarium_subvault_balcony,
          aquarium_subvault_bridge, aquarium_subvault_wall,
          aquarium_subvault_balcony, aquarium_subvault_bridge],
          aquarium_window_fake, aquarium_window_2, aquarium_view_2b,
          aquarium_view_2a, aquarium_balcony_3a, aquarium_pool_2
D:2:      layout_loops_ring
D:3:      layout_basic, mainiacjoe_overflow_alcove_1,
          nicolae_overflow_crystal_walls, nicolae_ru_path_of_blood
D:4:      layout_layer_cave, gup_sewer_entry_spiral, uniq_sigmund
D:5:      minmay_thinvault, layout_basic, nicolae_yredelemnul_corpse_copse,
          uniq_grinder

Skill      XL: |  1  2  3  4  5  6  7  8 |
---------------+-------------------------+-----
Dodging        | 3 |  3.0
Throwing       | 2 |  2.0
Maces & Flails | 3 4 |  4.9
Fighting       | 3 4 5 6 |  6.5
Stealth        | 1 |  1.0
Evocations     | 1 |  1.0
Armour         | 1 2 4 |  4.0
Shields        | 1 2 |  2.0

Action                     |  1- 3 |  4- 6 |  7- 9 || total
---------------------------+-------+-------+-------++-------
  Melee: Flail             |   146 |   204 |    70 ||   420
         Tailslap          |       |    31 |     6 ||    37
         Punch             |       |     3 |     3 ||     6
  Throw: Stone             |     1 |     8 |       ||     9
         Dart              |       |     1 |     4 ||     5
         Javelin           |       |       |     1 ||     1
  Evoke: Wand              |       |       |     1 ||     1
    Use: Potion            |     1 |       |     5 ||     6
         Scroll            |       |     5 |       ||     5
 Armour: Leather armour    |    13 |       |       ||    13
         Scale mail        |    77 |    94 |    14 ||   185
         Chain mail        |       |       |    28 ||    28
  Dodge: Dodged            |   134 |   106 |    33 ||   273

Table legend: (Time is in decaauts)
 A = Elapsed time spent in this place.
 B = Non-inter-level travel time spent in this place.
 C = Inter-level travel time spent in this place.
 D = Time resting spent in this place.
 E = Time spent auto-exploring this place.
 F = Levels seen in this place.
 G = Mean time per level.
                   A        B        C        D        E       F      G
               +--------+--------+--------+--------+--------+-----+--------+
         Total |   5390 |   4666 |    724 |    684 |   2433 |   6 |  898.3 |
       Dungeon |   4895 |   4171 |    724 |    483 |   2395 |   5 |  979.0 |
         Sewer |    495 |    495 |      0 |    201 |     37 |   1 |  495.0 |
               +--------+--------+--------+--------+--------+-----+--------+

Top non-repeatable levels by time:
     D:4: 1538 daAuts
     D:2: 1075 daAuts
     D:1: 1064 daAuts
     D:3: 879 daAuts
   Sewer: 495 daAuts
     D:5: 338 daAuts
